Map: Deathaura LE

Players

TheLastSith

  • Race: Terran Terran
  • League: Bronze
  • Spawn Location: 5:00

redbusman - Winner!

  • Race: Terran Terran
  • League: Bronze
  • Spawn Location: 11:00

VOD

Have the link to the VOD?

Description

Time

  • Played on: July 20, 2020, 7:34 p.m.
  • Length: 23:11
Show
View Real Time Build Order
Export as new Build Order

TheLastSith Terran 

Build Orders:  

Get SALT Encoding   

  12  0:25  Supply Depot  
  12  0:38  Refinery  
  12  1:02  Barracks  
  12  1:07  SCV  
  13  1:19  SCV  
  14  1:31  SCV  
  15  1:43  SCV  
  16  1:55  Supply Depot, SCV  
  16  1:56  Marine  
  18  2:14  Marine  
  19  2:25  Command Center  
  19  2:29  Factory  
  19  2:32  Marine  
  20  2:38  Orbital Command  
  20  2:50  Marine  
  21  3:25  Factory Tech Lab  
  21  3:26  Starport  
  21  3:29  Marine  
  22  3:41  Refinery  
  22  3:47  Marine  
  23  3:50  Bunker, SCV  
  24  4:02  SCV  
  25  4:05  Marine, SCV  
  27  4:14  SCV  
  28  4:17  SCV  
  28  4:22  Marine  
  30  4:26  Starport Tech Lab, SCV  
  30  4:28  Fusion Core  
  30  4:29  SCV  
  32  4:39  SCV  
  32  4:40  Marine  
  32  4:41  SCV  
  35  4:53  SCV  
  35  4:57  Armory  
  36  5:00  Siege Tank  
  39  5:14  SCV  
  40  5:26  SCV  
  41  5:33  Refinery  
  41  5:35  Refinery  
  41  5:38  SCV  
  42  5:50  SCV  
  43  6:02  SCV  
  44  6:06  Marine  
  45  6:23  Marine  
  46  6:39  Supply Depot  
  46  6:43  Marine, Battlecruiser  
  53  6:54  SCV  
  53  7:01  Marine  
  55  7:06  SCV  
  56  7:15  Supply Depot  
  56  7:18  Marine, SCV  
  58  7:30  SCV  
  59  7:42  SCV  
  60  7:49  Battlecruiser  
  66  8:05  Starport  
  66  8:11  Marine  
  67  8:14  Barracks  
  67  8:21  Supply Depot  
  67  8:29  Marine  
  68  8:39  SCV  
  69  8:47  Marine  
  70  8:51  SCV  
  70  8:53  Starport Tech Lab  
  71  8:58  Battlecruiser  
  77  9:03  Thor, SCV  
  77  9:05  Marine  
  85  9:16  SCV  
  86  9:37  Terran Vehicle And Ship Armor Level 1  
  86  9:53  Command Center  
  86  10:08  Supply Depot  
  86  10:30  Marine, Thor, SCV  
  94  10:37  Battlecruiser  
  94  10:38  Battlecruiser  
  94  10:41  Supply Depot  
  106  10:56  Barracks Reactor  
  106  11:04  Barracks Reactor  
  106  11:12  Thor  
  112  11:48  Battlecruiser  
  112  11:49  Battlecruiser  
  124  11:55  Thor  
  130  12:14  Marine x2  
  132  12:17  Marine x2  
  134  12:32  Marine x2  
  134  12:35  Marine x2  
  137  12:38  Thor  
  139  12:51  Marine  
  126  12:52  Marine x2  
  126  12:53  Marine, Battlecruiser  
  126  12:57  Battlecruiser  
  106  13:08  Marine  
  106  13:10  Marine x3  
  80  14:44  Battlecruiser  
  80  14:46  Battlecruiser  
  86  15:02  Marine x2  
  86  15:04  Marine x2  
  90  15:08  Thor  
  96  15:20  Marine x2  
  98  15:22  Marine x2  
  100  15:37  Marine, Command Center  
  100  15:38  Marine  
  100  15:40  Marine x2  
  104  15:43  Refinery  
  104  15:50  Battlecruiser  
  104  15:51  Thor  
  104  15:55  Marine x2  
  118  15:58  Marine x2  
  120  16:13  Battlecruiser  
  126  16:32  Marine x4  
  125  16:33  Thor  
  95  16:50  Marine x4  
  99  16:54  Battlecruiser  
  99  17:07  Marine x2  
  99  17:08  Marine x2  
  103  17:10  Barracks  
  103  17:16  Thor  
  109  17:25  Marine x4  
  109  17:29  SCV  
  105  17:58  Battlecruiser  
  105  17:59  Thor  
  105  18:42  Barracks Tech Lab  
  105  18:44  Marine x2  
  105  18:47  Marine x2  
  109  18:52  Medivac  
  111  19:02  Marine x2, Medivac  
  111  19:05  Marine x2  
  111  19:06  Thor  
  123  19:20  Marine x2  
  123  19:22  Medivac  
  123  19:23  Marine x2  
  129  19:32  Medivac  
  129  19:38  Marine x2  
  132  19:41  Marine x2  
  129  19:49  Cyclone  
  129  19:52  Medivac  
  134  19:59  Marauder  
  136  20:02  Medivac  
  70  20:35  Cyclone  
  61  20:38  Battlecruiser  
  31  21:50  Command Center  
Show
View Real Time Build Order
Export as new Build Order

redbusman Terran - Winner!

Build Orders:  

Get SALT Encoding   

  12  0:01  SCV  
  13  0:13  SCV  
  14  0:18  Supply Depot  
  14  0:25  SCV  
  15  0:40  SCV  
  15  0:42  Barracks  
  16  0:50  Refinery  
  16  0:52  SCV  
  17  1:04  SCV  
  18  1:16  SCV  
  19  1:34  Command Center  
  19  1:35  Marine  
  19  1:39  Orbital Command  
  20  1:50  Supply Depot  
  20  2:06  Barracks Reactor  
  20  2:16  Factory  
  20  2:17  Refinery  
  20  2:23  Engineering Bay  
  20  2:38  SCV  
  21  2:45  Marine x2  
  21  2:50  SCV  
  24  2:53  Terran Infantry Weapons Level 1  
  24  3:01  Orbital Command  
  24  3:02  SCV  
  24  3:03  Marine  
  26  3:09  Widow Mine  
  26  3:11  Marine  
  29  3:14  SCV  
  30  3:20  Marine  
  30  3:22  Supply Depot  
  31  3:35  Missile Turret  
  31  3:40  Missile Turret  
  31  3:50  Factory Tech Lab  
  31  3:56  Starport  
  31  3:59  SCV  
  32  4:06  SCV  
  33  4:11  SCV  
  33  4:15  Bunker  
  34  4:18  SCV  
  35  4:25  SCV  
  35  4:30  SCV  
  37  4:34  Starport Tech Lab  
  37  4:42  SCV, Barracks  
  37  4:43  Barracks  
  37  4:44  Siege Tank  
  41  4:52  Terran Infantry Armor Level 1  
  41  4:54  SCV  
  42  5:06  SCV  
  43  5:09  Supply Depot  
  43  5:15  Marine  
  43  5:16  Marine  
  43  5:18  SCV  
  46  5:30  SCV  
  46  5:33  Marine x2  
  49  5:43  SCV  
  50  5:51  Marine x2, Missile Turret  
  50  5:52  Combat Shield  
  50  5:54  Stimpack, Missile Turret  
  50  5:56  Missile Turret  
  52  5:58  Marine  
  52  5:59  Marine  
  54  6:07  Factory Tech Lab  
  54  6:08  Starport Tech Lab  
  54  6:09  Marine x2  
  56  6:16  Marine x2  
  58  6:22  Starport  
  58  6:25  Armory  
  58  6:35  Refinery, Marauder x2  
  58  6:37  Refinery  
  62  6:45  SCV  
  63  6:52  Supply Depot  
  63  6:54  Supply Depot  
  63  6:55  Supply Depot  
  63  6:56  Marauder  
  63  6:57  Supply Depot, SCV  
  66  7:05  Marine x3  
  69  7:10  SCV  
  69  7:15  Command Center  
  70  7:17  Marine  
  70  7:22  SCV  
  72  7:33  Siege Tank  
  72  7:34  SCV  
  76  7:42  Terran Infantry Armor Level 2  
  76  8:00  Viking x2  
  80  8:06  Siege Tank  
  83  8:18  SCV x2  
  85  8:28  Planetary Fortress  
  85  8:29  Refinery  
  85  8:30  SCV x2, Viking x2  
  91  8:39  Missile Turret  
  91  8:42  SCV x2  
  93  8:54  SCV x2  
  95  9:06  SCV x2  
  97  9:13  Medivac  
  99  9:26  SCV x3  
  102  9:31  Refinery  
  102  9:38  SCV x3  
  104  9:43  Medivac  
  107  9:56  Starport  
  107  9:58  Terran Infantry Weapons Level 2, Marine  
  107  9:59  Marine x3  
  111  10:05  Siege Tank  
  114  10:07  Viking  
  114  10:13  Medivac  
  118  10:16  Marine x2  
  118  10:17  Marine x2  
  122  10:34  Marine x3  
  125  10:42  Supply Depot  
  125  10:43  Supply Depot  
  125  10:44  Supply Depot  
  125  10:47  Supply Depot  
  125  10:48  Supply Depot  
  125  11:03  Marine x4, Medivac, Viking  
  133  11:04  Siege Tank  
  133  11:08  Command Center  
  136  11:33  Medivac  
  136  11:36  Siege Tank  
  141  11:53  Marine x3  
  141  11:54  Marine  
  145  12:04  Viking x2  
  149  12:09  Siege Tank  
  149  12:11  Marine x4  
  149  12:14  Terran Infantry Armor Level 3  
  156  12:29  Marine x4  
  160  12:34  Viking x2  
  164  12:41  Siege Tank  
  167  12:47  Marine x3  
  152  13:04  Viking x2  
  132  13:07  Marine x2  
  132  13:08  Marine x2  
  118  13:22  Planetary Fortress  
  118  13:25  Marine x3  
  118  13:26  Marine  
  122  13:27  Barracks  
  122  13:31  Barracks  
  122  13:33  Barracks  
  122  13:34  Viking x2  
  126  13:43  Marine x4  
  124  14:01  Marine x4  
  119  14:04  Viking x2  
  120  14:14  Missile Turret  
  120  14:15  Missile Turret  
  120  14:16  Missile Turret  
  120  14:18  Missile Turret  
  120  14:19  Marine x2  
  108  14:33  Marine  
  108  14:34  Marine  
  108  14:37  Marine x2  
  105  14:46  SCV  
  105  14:51  Marine x2, Terran Infantry Weapons Level 3  
  108  14:54  Marine  
  108  14:55  Marine  
  108  14:58  SCV  
  108  14:59  Marine  
  111  15:00  Marine x2  
  114  15:09  Marine x2, Medivac  
  114  15:10  SCV, Medivac  
  114  15:12  Marine  
  114  15:13  Cyclone, Marine  
  126  15:17  Marine  
  126  15:18  Marine x2  
  129  15:23  SCV  
  129  15:27  Marine x2  
  129  15:28  Missile Turret  
  132  15:30  Marine x2  
  132  15:31  Missile Turret x2  
  132  15:35  Marine, SCV  
  135  15:36  Marine x2, Missile Turret  
  135  15:37  Missile Turret  
  135  15:38  Missile Turret  
  135  15:39  Medivac x2  
  142  15:43  Refinery  
  142  15:45  Cyclone, Marine x2  
  142  15:46  Refinery  
  142  15:48  Marine x2  
  149  15:53  Marine x3  
  152  16:06  Marine x2  
  152  16:09  Medivac x2  
  152  16:11  Marine x3  
  158  16:18  Cyclone  
  164  16:39  Medivac x2  
  159  16:50  Cyclone  
  162  17:03  Marine x7  
  169  17:09  Medivac  
  169  17:11  Medivac  
  173  17:20  Marine  
  173  17:21  Marine x6  
  180  17:28  Hi-Sec Auto Tracking  
  180  17:50  Marine  
  180  17:53  Supply Depot, Marine  
  180  17:54  Supply Depot, Marine  
  180  17:55  Supply Depot  
  180  17:56  Supply Depot, Marine  
  180  17:57  Supply Depot  
  180  17:58  Marine  
  180  17:59  Supply Depot  
  180  18:00  Marine  
  180  18:01  Marine  
  180  18:04  Medivac  
  180  18:07  Medivac  
  180  18:09  Cyclone  
  180  18:11  Marine  
  180  18:12  Marine  
  179  18:15  Marine x2  
  179  18:16  Marine  
  179  18:17  Marine  
  179  18:19  Marine  
  177  18:25  Neosteel Armor  
  171  18:29  Marine  
  171  18:30  Marine, Armory  
  171  18:33  Marine x2  
  171  18:34  Marine, Medivac, Terran Vehicle And Ship Armor Level 1  
  178  18:35  Marine  
  178  18:36  Marine  
  178  18:37  Medivac  
  182  18:41  Cyclone  
  182  18:47  Marine x2  
  187  18:51  Marine x3  
  187  18:53  Marine  
  187  18:54  Marine  
  192  19:04  Medivac  
  192  19:05  Marine x2  
  192  19:09  Marine x3  
  199  19:11  Marine  
  200  19:32  Barracks Reactor  
  200  19:34  Barracks Reactor  
  185  20:20  Marine  
  185  20:21  Marine x8  
  194  20:38  Marine x2  
  194  20:39  Marine x4  
  189  21:41  Marine x6  
  189  21:42  Marine x3  
  195  21:59  Marine x5  
  198  22:16  Marine  
  198  22:17  Marine  
Tags
 
Matchup
TvT
Race
Terran
Spawn Locations
Cross Positions
Add a new tag
Caveats
  • Supply blocks, unpowered buildings, or Contaminate may cause inaccurate times.
  • Supply counts are checked every 10 seconds.